 Dungeon Crawl Stone Soup version 0.28-a0-1518-gbe868bca14 (webtiles) character file.

Game seed: 14495951216600574643

523 ytrimaz the Insei (level 7, -2/45 HPs)
             Began as an Octopode Transmuter on Jan 17, 2022.
             Was an Initiate of Ashenzari.
             Slain by a gnoll (9 damage)
             ... on level 4 of the Dungeon.
             The game lasted 00:09:57 (6510 turns).

ytrimaz the Insei (Octopode Transmuter)             Turns: 6510, Time: 00:09:58

Health: -2/45      AC:  1    Str:  9    XL:     7   Next: 22%
Magic:  13/13      EV: 13    Int: 21    God:    Ashenzari [......]
Gold:   698        SH:  0    Dex: 15    Spells: 5/14 levels left

rFire   + . .      SeeInvis .     - Unarmed
rCold   . . .      Faith    .   (no shield)
rNeg    . . .      Spirit   .   (helmet restricted)
rPois   .          Reflect  .   (no amulet)
rElec   .          Harm     .   c - ring of protection from cold
rCorr   .          Rampage  .   g - ring "Foyh" {Fire Int+4 Dex+2}
Will    .....                   (no ring)
Stlth   ++........              (no ring)
HPRegen 0.15/turn               (no ring)
MPRegen 0.13/turn               (no ring)
                                (no ring)
                                (no ring)

@: no status effects
A: almost no armour, amphibious, 8 rings, camouflage 1, gelatinous body 1,
(nimble swimmer 1), tentacles
a: Renounce Religion


You were on level 4 of the Dungeon.
You worshipped Ashenzari.
Ashenzari was noncommittal.
You visited 2 branches of the dungeon, and saw 5 of its levels.

You collected 698 gold pieces.

Inventory:

Jewellery
 c - a ring of protection from cold (left tentacle)
 g - the ring "Foyh" (right tentacle) {Fire Int+4 Dex+2}
   (You found it on level 2 of the Dungeon)

   [ring of fire]

   It enhances your fire magic.
   Int:       It affects your intelligence (+4).
   Dex:       It affects your dexterity (+2).
   rF:        It protects you from fire.
   rC:        It makes you vulnerable to cold.
Wands
 e - a wand of flame (6)
Scrolls
 b - 5 scrolls of teleportation
 f - a scroll of brand weapon {unknown}
Potions
 a - a potion of attraction {unknown}
 d - a potion of ambrosia {unknown}
 i - 2 potions of curing {unknown}
 k - a potion of cancellation {unknown}


   Skills:
 * Level 2.6 Fighting
 - Level 2.0 Dodging
 + Level 4.8 Unarmed Combat
 * Level 4.0 Spellcasting
 * Level 4.1 Transmutations
 * Level 2.1 Poison Magic


You had 5 spell levels left.
You knew the following spells:

 Your Spells              Type           Power      Damage    Failure   Level
a - Spider Form           Tmut/Pois      17%        N/A       10%         3
b - Wereblood             Tmut           21%        N/A       3%          2
c - Ice Form              Ice/Tmut       12%        N/A       45%         4

Your spell library contained the following spells:

 Spells                   Type           Power      Damage    Failure   Level
 Beastly Appendage        Tmut           42%        N/A       2%          1
 Summon Small Mammal      Summ           16%        N/A       12%         1
 Call Canine Familiar     Summ           4%         N/A       34%         3
 Summon Guardian Golem    Hex/Summ       4%         N/A       34%         3


Dungeon Overview and Level Annotations

Branches:
Dungeon (4/15)             Temple (1/1) D:4

Altars:
Ashenzari
Elyvilon
Fedhas
Gozag
Hepliaklqana
Kikubaaqudgha
Makhleb
Okawaru
Qazlal
Ru
Trog
Uskayaw
Vehumet
Wu Jian
Xom
Yredelemnul
Zin
The Shining One

Shops:
D:2 (


Innate Abilities, Weirdness & Mutations

You cannot wear most types of armour.
You are amphibious.
You can wear up to eight rings at the same time.
Your skin changes colour to match your surroundings (Stealth+).
Your rubbery body absorbs attacks. (AC +1, EV +1)
((You are camouflaged when in or above water. (Stealth+)))
You have tentacles for arms and can constrict up to eight enemies at once.


Message History

You see here a +0 club.
There is a huge open gate here.
An orc is nearby!
An orc comes into view. It is wielding a +0 hand axe.
There is an open door here.
The orc shouts! x2
The orc throws a boomerang.
The boomerang closely misses you.
You hear a shout!
You hear a shout!
The orc misses you.
You hear a shout!
You tentacle-slap the orc. You grab the orc.
The orc is severely wounded.
You constrict the orc.
You hear a shout!
The orc barely misses you.
You tentacle-slap the orc.
You kill the orc!
The orc barely misses you.
You closely miss the orc. You grab the orc. You constrict the orc.
The orc closely misses you. x2
You tentacle-slap the orc.
You kill the orc!
The orc hits you with a +0 hand axe. The orc hits you with a +0 hand axe!
Items here: $ ( )) [.
You barely miss the orc. Your grab misses the orc. You squeeze the orc!
You kill the orc!
The gnoll hits you from afar with a +0 halberd!
The gnoll hits you with a +0 halberd.
You closely miss the gnoll. Your grab misses the gnoll.
Your squeeze misses the gnoll. The gnoll closely misses you.
You closely miss the gnoll. You grab the gnoll. You constrict the gnoll.
The gnoll hits you with a +0 halberd!
* * * LOW HITPOINT WARNING * * *
You tentacle-slap the gnoll but do no damage.
You squeeze the gnoll, but do no damage.
The gnoll is lightly wounded.
You constrict the gnoll. The gnoll hits you with a +0 halberd!
You die...

...≈≈#.g.########################
...≈≈###+# . ...≈≈≈.# .# ...≈≈≈.#
o. ...≈≈≈.# #. ...≈≈≈.# #.
P..≈≈≈.# #. ...≈≈≈.#.##
#'################## ...≈≈≈.#.#.
#.g@.)..')...'...... ...≈≈≈.#..
#....)..#....#...... ...≈≈###'#
#.^.....#..).#......
..P≈≈#...#############''''#######
...≈≈#...#..........)....).......
...≈≈#####)≈≈≈)≈≈≈)≈≈≈....≈≈≈≈≈≈≈
...≈≈≈≈≈≈≈≈≈≈≈≈≈≈≈≈≈≈≈....≈≈≈≈≈≈≈
...≈≈≈≈≈≈)≈)≈≈≈≈≈≈≈≈≈≈....≈≈≈≈≈≈≈
...).)...........................


You could see a gnoll.

Vanquished Creatures
  A howler monkey (D:4)
  An orc priest (D:4)
  Crazy Yiuf (D:2)
  3 hounds (D:4)
  Jessica (D:2)
  Natasha (thrice) (D:2)
  9 gnolls (D:4)
  4 adders
  A white imp (D:4)
  2 adder skeletons
  A worm (D:3)
  3 dart slugs
  8 orcs (D:4)
  7 endoplasms
  3 giant cockroaches
  11 goblins
  5 hobgoblins
  10 jackals (D:4)
  A quokka (D:1)
  4 ball pythons
  2 bats
  2 frilled lizards (D:1)
  7 kobolds
  10 rats
100 creatures vanquished.

Vanquished Creatures (others)
  A plant (D:4)
1 creature vanquished.

Grand Total: 101 creatures vanquished

Notes
Turn   | Place    | Note
-------+----------+-------------------------------------------
     0 | D:1      | ytrimaz the Octopode Transmuter began the quest for the
                  | Orb.
     0 | D:1      | Reached XP level 1. HP: 13/13 MP: 3/3
   495 | D:1      | Reached XP level 2. HP: 6/18 MP: 3/5
   696 | D:1      | Learned a level 2 spell: Wereblood
  1036 | D:1      | Found a faded altar of an unknown god.
  1287 | D:1      | Reached XP level 3. HP: 20/23 MP: 6/6
  1297 | D:1      | Learned a level 3 spell: Spider Form
  1490 | D:1      | Identified a scroll of acquirement
  1490 | D:1      | Acquired 521 gold pieces
  1557 | D:2      | Noticed Natasha
  1573 | D:2      | Killed Natasha
  1639 | D:2      | Noticed Natasha
  1645 | D:2      | Reached XP level 4. HP: 15/29 MP: 6/8
  1650 | D:2      | Killed Natasha
  1908 | D:2      | Found a shimmering altar of Xom.
  2273 | D:2      | Noticed Natasha
  2279 | D:2      | Killed Natasha
  2280 | D:2      | Reached XP level 5. HP: 16/34 MP: 7/9
  2510 | D:2      | Found Poimy's Weapon Boutique.
  2535 | D:2      | Noticed Jessica
  2544 | D:2      | Killed Jessica
  2653 | D:2      | Identified the ring "Foyh" {Fire Int+4 Dex+2}
  2710 | D:2      | Found a runed translucent door.
  2711 | D:2      | Noticed Crazy Yiuf
  2907 | D:2      | Killed Crazy Yiuf
  2921 | D:2      | Identified the +1 mace "Jasain" {freeze, *Noise rElec rF++
                  | rN+}
  3299 | D:3      | Reached skill level 1 in Poison Magic
  3442 | D:3      | Learned a level 4 spell: Ice Form
  4279 | D:4      | Reached XP level 6. HP: 28/39 MP: 8/11
  4384 | D:4      | Found a white marble altar of Elyvilon.
  4926 | D:4      | Found a staircase to the Ecumenical Temple.
  4945 | Temple   | Entered the Ecumenical Temple
  5043 | Temple   | Became a worshipper of Ashenzari the Shackled
  5116 | D:4      | Reached XP level 7. HP: 32/45 MP: 11/13
  6510 | D:4      | Slain by a gnoll

Illustrated notes

Levels and vault maps discovered:
D:1:      lightli_arrival_windingriver, layout_rooms,
          ebering_ecumenical_altar_webs
D:2:      layout_rooms, basic_altar, serial_shops,
          nicolae_shop_bloodbath_and_beyond, uniq_crazy_yiuf_cottage,
          uniq_jessica, uniq_natasha
D:3:      layout_basic, item_on_display_b
D:4:      lemuel_castle_with_subvaults [lemuel_castle_interior_carwin_3],
          layout_loops_cross, elyvilon_altar_5, minmay_temple_entry_wispy
Temple:   lightli_temple_of_artemis

Skill      XL: |  1  2  3  4  5  6  7 |
---------------+----------------------+-----
Spellcasting   | 3 4 |  4.0
Transmutations | 3 4 |  4.1
Fighting       | 2 |  2.6
Poison Magic   | 1 2 |  2.1
Unarmed Combat | 4 |  4.8
Dodging        | |  2.0

Action                   |  1- 3 |  4- 6 |  7- 9 || total
-------------------------+-------+-------+-------++-------
Melee: Unarmed           |    63 |   135 |    49 ||   247
       Kick              |    12 |    11 |       ||    23
       Constrict         |    19 |    36 |    15 ||    70
       Tentacles         |     5 |    30 |    12 ||    47
       Punch             |     1 |     4 |     2 ||     7
 Cast: Beastly Appendage |    16 |    13 |       ||    29
       Wereblood         |     2 |       |       ||     2
       Spider Form       |     1 |     4 |       ||     5
  Use: Scroll            |     5 |     3 |       ||     8
 Stab: Sleeping          |     5 |     4 |     1 ||    10
Armor: Skin              |     9 |     6 |       ||    15
Dodge: Dodged            |    44 |    72 |    21 ||   137

Table legend: (Time is in decaauts)
 A = Elapsed time spent in this place.
 B = Non-inter-level travel time spent in this place.
 C = Inter-level travel time spent in this place.
 D = Time resting spent in this place.
 E = Time spent auto-exploring this place.
 F = Levels seen in this place.
 G = Mean time per level.
                   A        B        C        D        E       F      G
               +--------+--------+--------+--------+--------+-----+--------+
         Total |   6491 |   6402 |     89 |   1712 |   3712 |   5 | 1298.2 |
       Dungeon |   6382 |   6300 |     82 |   1712 |   3630 |   4 | 1595.5 |
        Temple |    108 |    101 |      7 |      0 |     82 |   1 |  108.0 |
               +--------+--------+--------+--------+--------+-----+--------+

Top non-repeatable levels by time:
     D:4: 2174 daAuts
     D:2: 1754 daAuts
     D:1: 1363 daAuts
     D:3: 1090 daAuts
  Temple: 108 daAuts
